 Dungeon Crawl Stone Soup version 0.28-a0-863-g8cecda6153 (webtiles) character file.

Game seed: 8991236879475195000

56 demibob the Sneak (level 3, 14/43 HPs)
             Began as a Demonspawn Delver on Nov 19, 2021.
             Quit the game on level 5 of the Dungeon.
             The game lasted 00:03:34 (841 turns).

demibob the Sneak (Demonspawn Delver)                Turns: 841, Time: 00:03:34

Health: 14/43      AC: 21    Str: 12    XL:     3   Next: 71%
Magic:  3/3        EV:  2    Int: 11    God:
Gold:   13         SH:  0    Dex: 15    Spells: 2/2 levels left

rFire   . . .      SeeInvis .   a - +0 spear
rCold   . . .      Faith    .   (no shield)
rNeg    . . .      Spirit   .   (armour currently unavailable)
rPois   +          Reflect  .   (helmet currently unavailable)
rElec   .          Harm     .   (cloak currently unavailable)
rCorr   .          Rampage  .   (gloves currently unavailable)
Will    +....      NoTele   +   (boots currently unavailable)
Stlth   +++.......              (no amulet)
HPRegen 0.14/turn               W - ring of willpower
MPRegen 0.16/turn               (no ring)

@: tree-form
A: stationary, stasis, torment immunity, boosted hp, magic regeneration
a: no special abilities


You were on level 5 of the Dungeon.
You were a tree.
You visited 1 branch of the dungeon, and saw 3 of its levels.

You collected 13 gold pieces.


Innate Abilities, Weirdness & Mutations

You are a tree.
Your roots penetrate the ground, keeping you stationary.
You cannot be teleported.
You are immune to unholy pain and torment.
Your maximum health is greatly increased.
Your equipment is partially melded.
You regenerate magic rapidly.


   Skills:
 - Level 3.0 Fighting
 + Level 3.7 Polearms
 - Level 1.7 Dodging
 - Level 4.5 Stealth


You had 2 spell levels left.
You didn't know any spells.
Your spell library was empty.

Inventory:

Hand Weapons
 a - a +0 spear (weapon)
Armour
 b - a +0 leather armour (melded)
Jewellery
 W - a ring of willpower (left branch)
Wands
 g - a wand of digging (10)
Scrolls
 c - a scroll of fog

Dungeon Overview and Level Annotations

Branches:
Dungeon (5/15)
 Temple: D:4-7

Altars:
Ru
Xom

Shops:
D:5

* # #...........# #
+...........# ....
# #...........#
.... #
########...## ..$..
## ##....##'###
..... .#
#..........# ......
.#
#[.........##......
.+
#..........§§§....z
<#
#...)......♣°§....z
##
##...###...##§.....
#... #...# ....z.
..... ....... .....
. ..... #........
... .....
#.....#### ##
+.....# #.....


You could see 3 wights.


Message History

It was a potion of lignification.
You turn into a tree.
Your +0 leather armour melds into your body.
Your roots penetrate the ground.
It was a potion of curing.
You feel better.
You hit the wight but do no damage.
The wight hits you with a +1 long sword.
You feel drained.
You hit the wight.
Flame seeps out of the wight.
The wight is moderately damaged.
The wight is engulfed in blazing flames.
The wight explodes!
The fiery explosion engulfs you!!
Ouch! That really hurt!
* * * LOW HITPOINT WARNING * * *
Your life force feels restored.
Your Polearms skill increases to level 3!
You have reached level 3!
Your experience leads to an increase in your attributes!
Increase (S)trength, (I)ntelligence, or (D)exterity?
You feel agile.
You cannot move.
A wight comes into view. It is wielding a +0 dire flail.
A wight comes into view. It is wielding a +0 morningstar.
A wight comes into view. It is wielding a +3 morningstar.
Okay, then.
You aren't carrying any potions.
You aren't carrying any potions.
Okay, then.
You swing at nothing.
Are you sure you want to abandon this character and quit the game? (Confirm with "yes".)

Skill      XL: |  1  2 |
---------------+-------+-----
Polearms       | 2 3 |  3.7
Fighting       | |  3.0
Dodging        | |  1.7
Stealth        | |  4.5

Action                   || total
-------------------------++-------
Melee: Spear             ||    49
  Use: Scroll            ||     3
       Potion            ||     3
 Stab: Sleeping          ||     1
Armor: Leather armour    ||    17
Dodge: Dodged            ||    33

Levels and vault maps discovered:
D:3:      layout_basic, mainiacjoe_overflow_paths, serial_shops, shop
D:4:      layout_basic, lemuel_round_altar
D:5:      layout_gridville, nicolae_overflow_hidden_temple, lemuel_doored_altar,
          kennysheep_slug_shrine, nicolae_shop_overcharged_wands

Notes
Turn   | Place    | Note
-------+----------+-------------------------------------------
     0 | D:5      | demibob the Demonspawn Delver began the quest for the Orb.
     0 | D:5      | Reached XP level 1. HP: 18/18 MP: 1/1
    45 | D:5      | Found Noesk's Overcharged Wands.
    75 | D:5      | Found a shimmering altar of Xom.
    87 | D:5      | Noticed an orc wizard
   106 | D:4      | Reached skill level 2 in Polearms
   106 | D:4      | Gained mutation: You regenerate magic rapidly. [demonic
                  | ancestry]
   106 | D:4      | Reached XP level 2. HP: 17/24 MP: 2/2
   565 | D:3      | Found a sacrificial altar of Ru.
   788 | D:3      | You fall into a shaft and drop 2 floors!
   790 | D:5      | Noticed a centaur
   832 | D:5      | Noticed a wight
   833 | D:5      | Noticed a wight
   838 | D:5      | Killed a wight
   839 | D:5      | Reached skill level 3 in Polearms
   839 | D:5      | Reached XP level 3. HP: 13/29 MP: 3/3
   841 | D:5      | Quit the game

Vanquished Creatures
  A wight (D:5)
  A hound skeleton (D:4)
  A giant cockroach (D:3)
  A goblin (D:4)
  A hobgoblin (D:4)
5 creatures vanquished.

Table legend: (Time is in decaauts)
 A = Elapsed time spent in this place.
 B = Non-inter-level travel time spent in this place.
 C = Inter-level travel time spent in this place.
 D = Time resting spent in this place.
 E = Time spent auto-exploring this place.
 F = Levels seen in this place.
 G = Mean time per level.
                   A        B        C        D        E       F      G
               +--------+--------+--------+--------+--------+-----+--------+
         Total |    822 |    822 |      0 |    476 |      0 |   3 |  274.0 |
       Dungeon |    822 |    822 |      0 |    476 |      0 |   3 |  274.0 |
               +--------+--------+--------+--------+--------+-----+--------+

Top non-repeatable levels by time:
     D:4: 425 daAuts
     D:3: 252 daAuts
     D:5: 143 daAuts

Table legend:
 A = Non-vault XP
 B = Vault XP
 C = Vault XP percentage of total XP
 D = Non-vault monster count
 E = Vault monster count
 F = Vault count percentage of total count
                 A         B        C        D         E       F
            +---------+---------+-------+---------+---------+-------
      Total |      81 |       0 |   0.0 |       5 |       0 |   0.0
            +---------+---------+-------+---------+---------+-------
        D:3 |       2 |       0 |   0.0 |       1 |       0 |   0.0
        D:4 |      23 |       0 |   0.0 |       3 |       0 |   0.0
        D:5 |      56 |       0 |   0.0 |       1 |       0 |   0.0
            +---------+---------+-------+---------+---------+-------
